 Dungeon Crawl Stone Soup version 0.20.1-1-g8b1a95d (webtiles) character file.

60 slep the Ducker (level 3, 0/28 HPs)
             Began as a Demonspawn Gladiator on Nov 6, 2017.
             Slain by a goblin (5 damage)
             ... led by Robin
             ... on level 2 of the Dungeon.
             The game lasted 00:06:04 (895 turns).

slep the Ducker (Demonspawn Gladiator)               Turns: 895, Time: 00:06:05

Health: 0/28       AC:  4    Str: 14    XL:     3   Next: 82%
Magic:  3/3        EV: 13    Int:  9    God:
Gold:   104        SH:  0    Dex: 15    Spells: 2/2 levels left

rFire    . . .     SeeInvis .   a - +0 long sword
rCold    . . .     Gourm    .   (no shield)
rNeg     . . .     Faith    .   b - +0 leather armour
rPois    .         Spirit   .   c - +0 helmet
rElec    .         Reflect  .   (no cloak)
rCorr    .         Harm     .   (no gloves)
MR       .....                  (no boots)
Stlth    +.........             (no amulet)
Regen    0.1/turn               (no ring)
MPRegen  0.1/turn               (no ring)

@: no status effects
A: claws 1, talons 1
a: no special abilities


You were on level 2 of the Dungeon.
You were not hungry.

You visited 1 branch of the dungeon, and saw 2 of its levels.

You collected 104 gold pieces.

Inventory:

Hand Weapons
 a - a +0 long sword (weapon)
 p - a +1 vampiric long sword
Missiles
 d - 2 throwing nets (quivered)
Armour
 b - a +0 leather armour (worn)
 c - a +0 helmet (worn)
Jewellery
 k - an uncursed ring of ice
Scrolls
 e - a scroll of enchant armour {unknown}
 g - a scroll of teleportation {unknown}
 m - a scroll of immolation {unknown}
 o - a scroll of enchant weapon {unknown}
 t - a scroll of identify {unknown}
Potions
 h - a potion of ambrosia {unknown}
 l - a potion of haste {unknown}
 q - a potion of cancellation {unknown}
 s - a potion of agility {unknown}
Comestibles
 f - 3 bread rations
 i - 4 meat rations
 j - a royal jelly
 r - 4 chunks of flesh


   Skills:
 + Level 2.4 Fighting
 + Level 3.1 Long Blades
 + Level 1.9 Throwing
 + Level 1.0 Armour
 + Level 3.4 Dodging


You had 2 spell levels left.
You didn't know any spells.

Dungeon Overview and Level Annotations

Branches:
Dungeon (2/15)

Altars:

Annotations:
D:2 Robin


Innate Abilities, Weirdness & Mutations

You have sharp fingernails.
You have sharp toenails.


Message History

Robin roars a battlecry!
The goblin goes into a battle-frenzy!
The hobgoblin hits you with a club.
* * * LOW HITPOINT WARNING * * *
You closely miss the hobgoblin. You claw the hobgoblin.
You kill the hobgoblin!
Robin throws the goblin at you! The goblin barely misses you.
You riposte.
You miss the goblin. You claw the goblin, but do no damage.
You barely miss the goblin. Your kick misses the goblin.
The goblin closely misses you. Robin barely misses you.
You completely miss the goblin. The goblin hits you.
* * * LOW HITPOINT WARNING * * *
Robin closely misses you. The goblin completely misses you.
You barely miss the goblin. Robin closely misses you.
The goblin closely misses you.
You riposte.
You closely miss the goblin. You miss the goblin.
Robin says, "Feeling lonely?"
Robin closely misses you. The goblin barely misses you.
You closely miss the goblin. Robin misses you. The goblin hits you.
You die...

#####.# ..## #.# #........
#####÷# ..# #.# #.#####.#
##....# ..#####.###.#
##.#####.........##.#####.#.#
...............#.##.#.......#
##.#####.#####.#.##.#.......#
#.# #.#.##.# g...g.# ##.#
#.#g#


gg... ...# #.#@# ggg #### #.#)# #.# #.#g########)# #......g..g†.# ###..g.gg..(.#
############ # You could see Robin and a goblin.

Vanquished Creatures
  An ooze (D:2)
  A worm (D:2)
  A ball python (D:1)
  8 bats
  3 giant cockroaches
  15 goblins
  5 hobgoblins
  5 kobolds
  3 frilled lizards
  5 rats
47 creatures vanquished.

Notes
Turn   | Place    | Note
-------+----------+-------------------------------------------
     0 | D:1      | slep the Demonspawn Gladiator began the quest for the Orb.
     0 | D:1      | Reached XP level 1. HP: 16/16 MP: 1/1
   112 | D:1      | Gained mutation: You have sharp fingernails. [demonic ancestry]
   112 | D:1      | Reached XP level 2. HP: 17/22 MP: 2/2
   646 | D:2      | Gained mutation: You have sharp toenails. [demonic ancestry]
   646 | D:2      | Reached XP level 3. HP: 4/28 MP: 3/3
   859 | D:2      | Noticed Robin
   876 | D:2      | Reached skill level 1 in Armour
   881 | D:2      | HP: 1/28 [goblin[Robin] (5)]
   895 | D:2      | Slain by a goblin

Skill      XL: |  1  2  3 |
---------------+----------+-----
Dodging        | 3 |  3.4
Long Blades    | 3 |  3.1
Armour         | 1 |  1.0
Fighting       | |  2.4
Throwing       | |  1.9

Action                   || total
-------------------------++-------
Melee: Long sword        ||   110
       Kick              ||    13
Throw: Throwing net      ||     2
  Use: Potion            ||     2
 Stab: Sleeping          ||     3
Armor: Leather armour    ||    34
Dodge: Dodged            ||    86
       Rpst.: Long sword ||    22
